Map: Simulacrum LE

Players

CreepnDeath

  • Race: Zerg Zerg
  • League: Platinum
  • Spawn Location: 11:00

Eezo - Winner!

  • Race: Protoss Protoss
  • League: Platinum
  • Spawn Location: 5:00

VOD

Have the link to the VOD?

Description

Time

  • Played on: April 11, 2020, 9:28 p.m.
  • Length: 8:49
Show
View Real Time Build Order
Export as new Build Order

CreepnDeath Zerg 

Build Orders: Hatch First 

Get SALT Encoding   

  12  0:01  Drone  
  13  0:14  Overlord  
  13  0:18  Drone  
  14  0:33  Drone x2  
  16  0:51  Hatchery  
  16  0:56  Drone  
  16  0:58  Drone  
  16  1:01  Drone  
  18  1:17  Spawning Pool  
  17  1:19  Drone  
  18  1:30  Drone  
  19  1:34  Overlord  
  19  1:42  Drone  
  20  2:05  Queen x2  
  20  2:07  Zergling x2  
  20  2:08  Zergling x4  
  27  2:13  Drone  
  28  2:18  Drone  
  29  2:24  Overlord  
  29  2:41  Drone x3  
  32  2:52  Drone x2  
  32  2:55  Queen x2  
  38  3:08  Hatchery  
  37  3:16  Extractor  
  37  3:17  Extractor, Drone x5  
  37  3:19  Extractor  
  39  3:21  Extractor  
  38  3:45  Drone  
  38  3:46  Drone x5  
  44  4:00  Hatchery  
  43  4:15  Evolution Chamber  
  42  4:18  Queen  
  42  4:19  Evolution Chamber  
  42  4:21  Roach Warren  
  42  4:24  Drone x8  
  50  4:42  Overlord  
  50  4:43  Overlord x3  
  50  4:47  Lair  
  50  4:52  Zerg Missile Weapons Level 1  
  50  5:05  Zerg Ground Armor Level 1  
  50  5:24  Drone  
  50  5:25  Drone x10  
  50  5:26  Drone  
  50  5:27  Drone x2  
  64  5:50  Spore Crawler  
  64  5:52  Spine Crawler  
  64  5:53  Spine Crawler  
  64  5:55  Spine Crawler  
  60  6:10  Roach  
  60  6:11  Roach x6  
  74  6:12  Glial Reconstitution  
  74  6:15  Overlord x2  
  74  6:16  Spore Crawler  
  74  6:18  Overlord  
  73  6:22  Drone x3  
  73  6:23  Drone  
  76  6:35  Hydralisk Den  
  75  6:55  Roach x5  
  75  6:56  Roach x3  
  83  7:20  Hydralisk  
  83  7:21  Hydralisk x10  
  103  7:36  Overlord x2  
  103  7:37  Overlord x2  
  91  7:56  Hydralisk  
  91  7:57  Hydralisk x5  
  101  8:01  Ravager x6  
  101  8:02  Ravager  
Show
View Real Time Build Order
Export as new Build Order

Eezo Protoss - Winner!

Build Orders: 1 Gate Expand 

Get SALT Encoding   

  12  0:01  Probe  
  13  0:13  Probe  
  14  0:20  Pylon  
  14  0:25  Probe  
  15  0:38  Probe  
  15  0:40  Gateway  
  16  0:50  Probe  
  16  0:57  Assimilator  
  18  1:04  Probe (Chrono Boost)  
  18  1:16  Probe (Chrono Boost)  
  19  1:23  Probe (Chrono Boost)  
  20  1:39  Nexus  
  20  1:44  Cybernetics Core  
  20  1:52  Probe  
  21  1:57  Pylon  
  21  2:04  Probe  
  22  2:09  Assimilator  
  22  2:16  Probe  
  22  2:21  Stalker (Chrono Boost)  
  23  2:24  Warp Gate  
  25  2:30  Probe  
  25  2:31  Gateway  
  26  2:43  Probe (Chrono Boost)  
  27  2:46  Stalker  
  29  2:51  Probe (Chrono Boost)  
  31  3:00  Probe (Chrono Boost)  
  31  3:01  Probe (Chrono Boost)  
  32  3:06  Probe (Chrono Boost)  
  32  3:07  Probe (Chrono Boost)  
  34  3:16  Pylon  
  34  3:21  Robotics Facility  
  34  3:22  Probe  
  34  3:23  Probe  
  36  3:30  Stalker  
  36  3:32  Sentry  
  40  3:34  Probe  
  40  3:41  Probe  
  41  3:48  Assimilator  
  41  3:49  Probe  
  41  3:50  Assimilator  
  41  3:53  Probe  
  43  3:58  Forge  
  43  4:01  Probe  
  44  4:09  Immortal  
  48  4:14  Adept  
  48  4:15  Sentry  
  52  4:18  Probe x2  
  54  4:25  Protoss Ground Weapons Level 1 (Chrono Boost)  
  54  4:27  Twilight Council  
  54  4:43  Pylon  
  54  4:46  Pylon  
  54  4:51  Resonating Glaives (Chrono Boost)  
  54  4:56  Pylon  
  54  4:59  Gateway  
  54  5:00  Gateway  
  54  5:01  Probe x2  
  56  5:13  Probe x2  
  56  5:14  Immortal (Chrono Boost)  
  62  5:25  Probe  
  63  5:28  Adept x2  
  67  5:44  Gateway  
  67  5:47  Gateway  
  67  5:48  Probe x2  
  67  5:49  Pylon  
  69  5:50  Pylon  
  69  5:56  Immortal (Chrono Boost)  
  73  5:58  Sentry  
  73  6:00  Sentry  
  77  6:19  Gateway  
  77  6:22  Gateway  
  77  6:31  Warp Prism (Chrono Boost)  
  79  6:34  Sentry x4  
  87  6:51  Pylon  
  87  6:54  Pylon  
  87  6:59  Pylon  
  77  7:25  Adept x8  
  93  7:40  Immortal  
  91  7:58  Sentry x4  
  91  7:59  Adept x4  
  101  8:31  Stalker x2  
  101  8:32  Stalker x6  
Tags
 
Add a new tag
Caveats
  • Supply blocks, unpowered buildings, or Contaminate may cause inaccurate times.
  • Supply counts are checked every 10 seconds.